 Dungeon Crawl Stone Soup version 0.31-a0-1388-g4b2ba238e7 (webtiles) character file.

Game seed: 5171860857116410146

99358 Laraso the Shatterer (level 16, -4/176 HPs)
             Began as an Oni Cinder Acolyte on Dec 24, 2023.
             Was a Priest of Ignis.
             Slain by a tentacled monstrosity (9 damage)
             ... on level 1 of the Swamp.
             The game lasted 00:49:24 (26383 turns).

Laraso the Shatterer (Oni Cinder Acolyte)          Turns: 26383, Time: 00:49:25

Health: -4/176     AC: 29    Str: 28    XL:     16   Next: 24%
Magic:  22/22      EV:  5    Int: 25    God:    Ignis [***...]
Gold:   1224       SH:  0    Dex:  4    Spells: 12/23 levels left

rFire   + + .        a - +3 giant spiked club
rCold   + . .        (shield currently unavailable)
rNeg    . . .        A - +5 ice dragon scales
rPois   +            L - +1 hat
rElec   .            t - +0 cloak
rCorr   .            (gloves unavailable)
SInv    .            (boots unavailable)
Will    +....        d - amulet of regeneration Stlth
                     m - ring "Raonwoqarph" {rF++ rC- Str+6 Int+4}
HPRegen 1.29/turn    D - ring of poison resistance
MPRegen 0.18/turn

%: no passive effects
@: fiery-armoured, constricted
A: large, unfitting armour, horns 1, tough skin 1, double potion healing,
drunken brawling
a: Renounce Religion, Fiery Armour, Foxfire Swarm, Rising Flame


You were on level 1 of the Swamp.
You worshipped Ignis.
Ignis was most pleased with you.
You visited 6 branches of the dungeon, and saw 25 of its levels.
You also visited: Sewer, Ossuary and Bailey.

You collected 2308 gold pieces.
You spent 1084 gold pieces at shops.

Inventory:

Hand Weapons
 a - a +3 giant spiked club (weapon)
Missiles
 e - 6 throwing nets
Armour
 t - a +0 cloak (worn)
 A - +5 ice dragon scales (worn)
 B - +0 swamp dragon scales
 L - a +1 hat (worn)
 M - a scarf of invisibility
Jewellery
 d - an amulet of regeneration (around neck)
 f - a +4 ring of slaying
 l - a ring of wizardry
 m - the ring "Raonwoqarph" (left hand) {rF++ rC- Str+6 Int+4}
   (You bought it in a shop on level 2 of the Orcish Mines)

   [ring of strength]

   Str+6:     It affects your strength (+6).
   Int+4:     It affects your intelligence (+4).
   rF++:      It greatly protects you from fire.
   rC-:       It makes you vulnerable to cold.
 w - a +5 ring of evasion
 z - a +6 ring of strength
 C - a ring of protection from fire
 D - a ring of poison resistance (right hand)
 N - a ring of positive energy
Wands
 u - a wand of polymorph (7)
 x - a wand of acid (7)
 F - a wand of roots (12)
 I - a wand of paralysis (16)
 J - a wand of flame (56)
 P - a wand of mindburst (8)
Scrolls
 b - a scroll of amnesia
 g - 11 scrolls of teleportation
 h - 6 scrolls of vulnerability
 i - 5 scrolls of revelation
 n - 3 scrolls of fear
 y - 5 scrolls of immolation
 T - a scroll of silence
Potions
 c - 10 potions of curing
 j - 8 potions of heal wounds
 k - 3 potions of brilliance
 o - 7 potions of haste
 p - 2 potions of mutation {unknown}
 q - 5 potions of lignification
 r - 3 potions of enlightenment {unknown}
 s - 2 potions of might {unknown}
 v - 4 potions of magic
 E - 4 potions of attraction
 H - 2 potions of berserk rage
 K - 6 potions of ambrosia {unknown}
 R - 4 potions of invisibility
 S - a potion of cancellation {unknown}
 V - 2 potions of resistance {unknown}


   Skills:
 - Level 15.0 Fighting
 * Level 21.8 Maces & Flails
 - Level 11.0 Armour
 - Level 4.0 Spellcasting
 - Level 3.0 Fire Magic
 - Level 7.0 Air Magic


You had 12 spell levels left.
You knew the following spells:

 Your Spells              Type           Power      Damage    Failure   Level
a - Animate Armour        Summ/Erth      10%        N/A       88%         4
d - Airstrike             Air            20%        2d(3-19)  11%         4
s - Swiftness             Air            40%        N/A       3%          3

Your spell library contained the following spells:

 Spells                   Type           Power      Damage    Failure   Level
 Shock                    Conj/Air       88%        1d8       4%          1
 Scorch                   Fire           40%        2d6       9%          2
 Sandblast                Erth           10%        2d5       19%         1
 Passwall                 Alch/Erth      4%         N/A       28%         2
 Call Canine Familiar     Summ           5%         N/A       50%         3
 Gell's Gravitas          Tloc           5%         N/A       50%         3
 Sigil of Binding         Hex            5%         N/A       50%         3
 Stone Arrow              Conj/Erth      10%        3d7       50%         3
 Teleport Other           Tloc           5%         N/A       50%         3
 Anguish                  Hex/Necr       2%         N/A       88%         4
 Brom's Barrelling Bould  Conj/Erth      5%         2d3       88%         4
 Cause Fear               Hex            2%         N/A       88%         4
 Dimensional Bullseye     Hex/Tloc       2%         N/A       88%         4
 Leda's Liquefaction      Alch/Erth      2%         N/A       88%         4
 Fireball                 Conj/Fire      6%         3d5       96%         5
 Lee's Rapid Deconstruct  Erth           2%         3d5*      99%         5
 Bombard                  Conj/Erth      2%         9d1       100%        6
 Dispersal                Tloc           2%         N/A       100%        6
 Enfeeble                 Hex            2%         N/A       100%        7
 Lehudib's Crystal Spear  Conj/Erth      2%         10d2      100%        8
 Dragon's Call            Summ           2%         N/A       100%        9


Dungeon Overview and Level Annotations

Branches:
Dungeon (15/15)            Temple (1/1) D:4            Lair (5/5) D:8
  Swamp (1/4) Lair:2       Spider (1/4) Lair:2        Slime (0/5) Lair:5
    Orc (2/2) D:11            Elf (0/3) Orc:2        Vaults (0/5) D:13
 Depths (0/4) D:15          Sewer (visited)         Ossuary (visited)
 Bailey (visited)

Altars:
Ashenzari
Cheibriados
Dithmenos
Elyvilon
Fedhas
Gozag
Hepliaklqana
Kikubaaqudgha
Makhleb
Nemelex Xobeh
Okawaru
Qazlal
Ru
Sif Muna
Trog
Uskayaw
Vehumet
Wu Jian
Xom
Yredelemnul
Zin
The Shining One

Shops:
D:2 !=   Orc:2 ((=[

Annotations:
D:11 2 transporters, Laraso's ghost, journeyman OnCA
D:14 1 runed translucent door, Paidunot's ghost, journeyman BaHu


Innate Abilities, Weirdness & Mutations

You are too large for most types of armour.
You have a pair of small horns on your head.
You have tough skin. (AC +1)
You gain doubled healing and magic from potions.
Whenever you drink a healing potion, you attack all around you.


Message History

The tentacled monstrosity constricts you!
The alligator tail-slaps you but does no damage.
The alligator bites you but does no damage.
The alligator is burned by your cloak of flames.
The alligator is moderately wounded.
Unknown command.
You hit the tentacled monstrosity.
The tentacled monstrosity is lightly wounded.
The tentacled monstrosity tentacle-slaps you!
The tentacled monstrosity resists.
The tentacled monstrosity is burned by your cloak of flames.
The tentacled monstrosity is lightly wounded.
The tentacled monstrosity tentacle-slaps you but does no damage.
The tentacled monstrosity completely resists.
The tentacled monstrosity tentacle-slaps you!
The tentacled monstrosity resists.
The tentacled monstrosity is burned by your cloak of flames.
The tentacled monstrosity is lightly wounded.
The tentacled monstrosity constricts you.
The alligator barely misses you. The alligator bites you.
The alligator is burned by your cloak of flames.
The alligator is heavily wounded.
Unknown command.
You skewer the tentacled monstrosity like a kebab!!!
The tentacled monstrosity is severely wounded.
The bunyip claws you!!
* * * LOW HITPOINT WARNING * * *
The bunyip claws you but does no damage.
The bunyip claws you!!
* * * LOW HITPOINT WARNING * * *
The bunyip is burned by your cloak of flames.
The bunyip is moderately wounded.
The alligator tail-slaps you but does no damage.
The alligator is burned by your cloak of flames.
The alligator is heavily wounded.
The alligator bites you!
* * * LOW HITPOINT WARNING * * *
The tentacled monstrosity closely misses you.
The tentacled monstrosity tentacle-slaps you!
You die...

...~.~ .~~~.
~~.~ ..~♣♣♣ ~
♣♣~~~.♣♣ .~~
♣♣♣~~~~..♣.~~~
♣♣~...~.~~§~~..
♣~~~..X@~~~.~..
.~~~..xl~~~~~.~
~.~.....~~~~...
♣♣♣~~}~~..~~...
♣♣♣♣♣♣♣.~~~..
.~~§.? ♣.~~~~
.~~~~


You could see a tentacled monstrosity, a bunyip and an alligator.

Vanquished Creatures
  Rupert (Orc:1)
  Gastronok (Lair:3)
  A fire dragon (D:15)
  3 vault guards
  2 hydras
  Fannar (Orc:1)
  A merfolk avatar (Lair:5)
  2 ogre magi (Orc:2)
  An ice dragon (D:15)
  A catoblepas (D:12)
  An alligator (Lair:2)
  6 boulder beetles
  2 centaur warriors
  11 two-headed ogres
  An orc high priest (Orc:1)
  Sonja (Lair:3)
  An iron troll (Orc:1)
  5 skysharks
  A sea snake (Lair:5)
  A flayed ghost (D:14)
  A deep troll (Orc:1)
  An arcanist (D:13)
  A bog body (Lair:2)
  2 orc knights (Orc:1)
  2 deep elf pyromancers (D:15)
  3 necromancers (D:13)
  2 orc sorcerers
  A harpy (shapeshifter) (D:13)
  An oklob plant (Lair:3)
  5 cyclopes
  6 manticores
  22 ugly things
  A moth of wrath (Lair:1)
  A kobold blastminer (Orc:1)
  20 elephants
  12 cane toads
  2 torpor snails
  4 gargoyles
  7 black mambas
  An unseen horror (D:12)
  Maggie (D:7)
  A yaktaur (D:13)
  A komodo dragon (shapeshifter) (D:15)
  2 kobold demonologists (D:9)
  9 komodo dragons
  5 rime drakes
  A wind drake (Lair:5)
  13 trolls
  Grinder (D:4)
  2 dream sheep (Lair:4)
  20 blink frogs
  A snapping turtle (Lair:5)
  A jumping spider (Lair:2)
  38 yaks
  3 shadows
  A vampire (D:10)
  A hog (D:7)
  Eustachio (D:6)
  17 humans
  3 wargs
  5 basilisks
  2 wyverns
  3 redbacks (Lair:2)
  6 vampire mosquitoes
  2 steam dragons
  15 water moccasins
  An acid dragon (D:10)
  22 ogres
  22 orc warriors
  2 black bears
  40 wolves
  2 centaurs
  2 phantoms
  An elf zombie (D:5)
  8 bullfrogs
  15 kobold brigands
  4 scorpions
  A gnoll sergeant (D:7)
  15 wights
  2 troll zombies (D:11)
  6 killer bees (D:8)
  8 howler monkeys
  2 centaur zombies (Ossuary)
  10 orc priests
  2 bombardier beetles (D:5)
  12 jellies
  Crazy Yiuf (D:4)
  A gnoll bouda (D:5)
  2 hounds (D:5)
  3 human skeletons (D:5)
  A human zombie (D:5)
  4 sleepcaps
  Natasha (thrice) (D:4)
  7 iguanas
  18 orc wizards
  4 hell rats (Lair:4)
  4 crocodile zombies (Ossuary)
  6 ogre zombies (D:11)
  3 mummies (Ossuary)
  11 adders
  11 gnolls
  4 river rats
  2 shadow imps
  A white imp (D:6)
  6 ufetubi (D:6)
  4 worms
  65 orcs
  4 bats
  16 endoplasms
  5 giant cockroaches
  6 gnoll zombies
  12 hobgoblins
  10 jackals
  25 kobolds
  4 quokkas
  17 ball pythons
  2 frilled lizards
  3 gnoll skeletons (D:11)
  13 goblins
  2 orc skeletons (D:11)
  17 orc zombies
  8 rats
776 creatures vanquished.

Vanquished Creatures (others)
  An orc wizard (Orc:2)
1 creature vanquished.

Grand Total: 777 creatures vanquished

Notes
Turn   | Place    | Note
-------+----------+-------------------------------------------
     0 | D:1      | Laraso the Oni Cinder Acolyte began the quest for the Orb.
     0 | D:1      | Reached XP level 1. HP: 24/24 MP: 2/2
   111 | D:1      | Reached XP level 2. HP: 20/32 MP: 2/4
   137 | D:1      | Learned a level 2 spell: Scorch
   585 | D:1      | Reached XP level 3. HP: 6/39 MP: 1/5
  1649 | D:2      | Reached skill level 4 in Maces & Flails
  1734 | D:2      | Found Ximaxy's Jewellery Boutique.
  1744 | D:2      | Reached XP level 4. HP: 48/48 MP: 2/7
  2182 | D:2      | Found a hide-covered altar of Uskayaw.
  2195 | D:2      | Found Kiraum's Distillery.
  2357 | D:3      | Noticed an ogre
  2369 | D:3      | Killed an ogre
  2370 | D:3      | Reached skill level 5 in Maces & Flails
  2370 | D:3      | Reached XP level 5. HP: 54/54 MP: 7/9
  2764 | D:3      | Reached XP level 6. HP: 41/62 MP: 7/10
  2881 | D:3      | Found a glowing drain.
  2914 | D:3      | Reached skill level 6 in Maces & Flails
  2948 | Sewer    | Entered a sewer
  3189 | Sewer    | Reached skill level 7 in Maces & Flails
  3282 | Sewer    | Reached XP level 7. HP: 70/70 MP: 6/11
  3673 | Sewer    | Reached skill level 8 in Maces & Flails
  4441 | D:3      | Reached XP level 8. HP: 78/78 MP: 1/12
  4660 | D:3      | Found a faded altar of an unknown god.
  4763 | D:4      | Noticed Grinder
  4764 | D:4      | Reached skill level 9 in Maces & Flails
  4769 | D:4      | Killed Grinder
  4917 | D:4      | Reached skill level 10 in Maces & Flails
  5193 | D:4      | Noticed Natasha
  5197 | D:4      | Killed Natasha
  5199 | D:4      | Noticed Natasha
  5206 | D:4      | Killed Natasha
  5346 | D:4      | Noticed Natasha
  5350 | D:4      | Killed Natasha
  5537 | D:4      | Found a runed translucent door.
  5538 | D:4      | Noticed Crazy Yiuf
  5655 | D:4      | Found a staircase to the Ecumenical Temple.
  5718 | D:4      | Killed Crazy Yiuf
  5846 | Temple   | Entered the Ecumenical Temple
  5867 | D:5      | Entered Level 5 of the Dungeon
  5948 | D:5      | Reached skill level 11 in Maces & Flails
  6028 | D:5      | Reached XP level 9. HP: 84/84 MP: 8/13
  6265 | D:5      | Found an ornate altar of the Wu Jian Council.
  6431 | D:5      | Reached skill level 12 in Maces & Flails
  6474 | D:5      | Found a sand-covered staircase.
  6480 | Ossuary  | Entered an ossuary
  7306 | D:6      | Reached skill level 13 in Maces & Flails
  7393 | D:6      | Noticed Eustachio
  7402 | D:6      | Killed Eustachio
  7525 | D:6      | Found a hazy altar of Hepliaklqana.
  8213 | D:7      | Reached XP level 10. HP: 92/92 MP: 14/14
  8288 | D:7      | Found a broken altar of Ashenzari.
  8452 | D:7      | Found a bloodstained altar of Trog.
  8454 | D:7      | Noticed Maggie
  8487 | D:7      | Killed Maggie
  8488 | D:7      | Reached skill level 14 in Maces & Flails
  8488 | D:7      | Reached skill level 1 in Armour
  8656 | D:8      | Noticed a green ugly thing
  8671 | D:8      | Killed a green ugly thing
  8713 | D:8      | Found a staircase to the Lair.
  9013 | D:8      | Found a burning altar of Makhleb.
  9013 | D:8      | Found a sacrificial altar of Ru.
  9115 | D:8      | Reached skill level 5 in Armour
  9844 | D:9      | Noticed a kobold demonologist
  9845 | D:9      | Noticed a kobold demonologist
  9847 | D:9      | Noticed a smoke demon
  9871 | D:9      | Killed a kobold demonologist
  9957 | D:9      | Killed a kobold demonologist
  9966 | D:9      | Reached skill level 5 in Fighting
 10012 | D:9      | Found a glowing silver altar of Zin.
 10081 | D:9      | Found a stormy altar of Qazlal.
 10106 | D:9      | Reached XP level 11. HP: 104/104 MP: 15/15
 10371 | Lair:1   | Entered Level 1 of the Lair of Beasts
 10382 | Lair:1   | an elephant changed into a moth of wrath
 10382 | Lair:1   | Noticed a moth of wrath
 10387 | Lair:1   | Killed a moth of wrath
 10399 | D:8      | HP: 5/111 [cane toad (14)]
 10789 | D:8      | Reached skill level 10 in Fighting
 11155 | Lair:1   | Reached skill level 15 in Maces & Flails
 11399 | Lair:1   | Identified the +0 robe of Ytzoor {Will+ SInv Stlth-}
 11540 | Lair:1   | Learned a level 3 spell: Swiftness
 11621 | Lair:2   | Found a staircase to the Swamp.
 11621 | Lair:2   | Noticed a bog body
 11644 | Lair:2   | Killed a bog body
 11689 | Lair:2   | Reached XP level 12. HP: 105/126 MP: 16/16
 11752 | Lair:2   | Reached skill level 16 in Maces & Flails
 12034 | Lair:2   | Reached skill level 17 in Maces & Flails
 12469 | Lair:2   | Found a hole to the Spider Nest.
 12878 | Lair:3   | Noticed an eight-headed hydra
 12893 | Lair:3   | Killed an eight-headed hydra
 12970 | Lair:3   | Noticed Gastronok
 12985 | Lair:3   | Killed Gastronok
 12986 | Lair:3   | Reached skill level 18 in Maces & Flails
 12986 | Lair:3   | Reached skill level 1 in Air Magic
 13203 | Lair:3   | Noticed Sonja
 13208 | Lair:3   | Noticed a skyshark
 13214 | Lair:3   | Killed Sonja
 13215 | Lair:3   | Reached XP level 13. HP: 133/133 MP: 17/17
 13379 | Lair:3   | Found a transporter.
 13391 | Lair:3   | Found a transporter.
 13667 | Lair:3   | Reached skill level 5 in Air Magic
 15348 | Lair:5   | Entered Level 5 of the Lair of Beasts
 15854 | Lair:4   | Reached XP level 14. HP: 126/156 MP: 20/20
 15945 | Lair:5   | Found a staircase to the Slime Pits.
 16043 | Lair:5   | Reached skill level 15 in Fighting
 16323 | Lair:5   | Learned a level 4 spell: Airstrike
 17056 | Lair:5   | Found the +8 mithril axe "Arga" {speed, Will+}
 17566 | D:10     | Entered Level 10 of the Dungeon
 17637 | D:10     | Found a flagged portal.
 17649 | Bailey   | Entered a bailey
 17772 | Bailey   | Identified the +0 crystal plate armour of Eternal Vigilance
                  | {rElec rPois rN+ Dex+4}
 17788 | Bailey   | Found a burning altar of Makhleb.
 18045 | D:10     | Found a hide-covered altar of Uskayaw.
 18378 | D:10     | Found a sparkling altar of Nemelex Xobeh.
 18432 | D:10     | Reached skill level 10 in Armour
 18770 | D:11     | Found a transporter.
 18774 | D:11     | Noticed Laraso's ghost (journeyman OnCA)
 18775 | D:11     | Found a transporter.
 18775 | D:11     | Identified the +7 flail of Lefatisch {drain, rPois Dex+3}
 18775 | D:11     | Noticed a frost giant
 19038 | D:11     | Found a staircase to the Orcish Mines.
 20757 | D:13     | Reached XP level 15. HP: 137/167 MP: 21/21
 21049 | D:13     | Found a gate to the Vaults.
 21067 | D:13     | Reached skill level 19 in Maces & Flails
 21470 | D:14     | Identified the +0 leather armour of Space {Rampage Slay+2}
 21824 | D:14     | Found a runed translucent door.
 22311 | D:14     | Noticed Paidunot's ghost (journeyman BaHu)
 22320 | D:15     | Entered Level 15 of the Dungeon
 22389 | D:15     | Found a glowing golden altar of the Shining One.
 22505 | D:15     | Reached skill level 20 in Maces & Flails
 23447 | D:15     | Found a staircase to the Depths.
 23595 | Orc:1    | Entered Level 1 of the Orcish Mines
 23774 | Orc:1    | Noticed Fannar
 23789 | Orc:1    | Killed Fannar
 23946 | Orc:2    | Entered Level 2 of the Orcish Mines
 24363 | Orc:1    | Reached skill level 21 in Maces & Flails
 24540 | Orc:1    | Reached XP level 16. HP: 176/176 MP: 22/22
 24577 | Orc:2    | Noticed Rupert
 25024 | Orc:2    | Found Siuh's Jewellery Shop.
 25124 | Orc:2    | Paralysed by an ogre mage for 3 turns
 25140 | Orc:1    | Killed Rupert
 25148 | Orc:2    | Paralysed by an ogre mage for 5 turns
 25283 | Orc:2    | Found Umann's Weapon Boutique.
 25291 | Orc:2    | Found Diupymio's Antique Armour Emporium.
 25303 | Orc:2    | Found Koc Yhe's Antique Weapon Shop.
 25336 | Orc:2    | Bought the ring "Raonwoqarph" {rF++ rC- Str+6 Int+4} for
                  | 804 gold pieces
 25581 | Orc:2    | Found a staircase to the Elven Halls.
 26097 | D:2      | Bought a ring of poison resistance for 280 gold pieces
 26104 | D:2      | Learned a level 4 spell: Animate Armour
 26255 | Spider:1 | Entered Level 1 of the Spider Nest
 26348 | Swamp:1  | Entered Level 1 of the Swamp
 26348 | Swamp:1  | Noticed a tentacled monstrosity
 26383 | Swamp:1  | HP: 5/176 [alligator (7)]
 26383 | Swamp:1  | Slain by a tentacled monstrosity

Illustrated notes

Levels and vault maps discovered:
D:1:      minmay_arrival_shoal_huts, layout_basic
D:2:      layout_basic, basic_altar, serial_shops, shop,
          nicolae_shop_industrial_runoff
D:3:      layout_rooms, shapermc_ecumenical_altar_mp_vishouse,
          portal_sewer_entry_b
D:4:      layout_rooms, minmay_temple_entry_overgrown, minmay_misc_feat_room,
          kennysheep_generic_room_5, uniq_crazy_yiuf_cottage, uniq_grinder,
          uniq_natasha
D:5:      layout_basic, overflow_temple_1_default,
          nicolae_ossuary_entry_catacombs
D:6:      layout_loops_cross, mainiacjoe_overflow_alcove_2,
          serial_park_tiny_pond, uniq_eustachio
D:7:      layout_rooms, trog_hazing_becter, nicolae_overflow_crystal_walls,
          st_stairs_2, kennysheep_generic_room_9, uniq_maggie
D:8:      layout_gridville, gammafunk_temple_overflow_statue,
          erik_lair_orcish_takeover
D:9:      layout_loops_cross, zin_statuary, general_overflow_altar,
          hangedman_decor_points
D:10:     layout_irregular_city, nemelex_xobeh_ov_fountains_minmay,
          dancing_weapons_uskayaw, enter_bailey_3, kennysheep_opposing_triangles
D:11:     layout_rooms, zombieorc2_lemuel, gammafunk_ghost_arena
D:12:     layout_irregular_city
D:13:     layout_cave_pools, grunt_vaults_entry_tiered,
          kennysheep_generic_room_8
D:14:     layout_basic, ebering_ghost_reflecting_pool, minivault_25
D:15:     grunt_enter_depths_hoard, layout_long_grid, tso_metal_star
Temple:   hellmonk_temple_flake
Lair:1:   layout_long_grid, grunt_megastairs_3, lemuel_fruit_fields
Lair:2:   layout_cellular_growth, skrybe_swamp_entry_bodies, spider_nest_entry_a
Lair:3:   gammafunk_boulding_lane, layout_regular_city, serial_rivers,
          chequers_serial_rivers_small_b, chequers_serial_rivers_micro_c,
          chequers_serial_rivers_micro_a, chequers_serial_rivers_room_a,
          chequers_serial_rivers_small_b, uniq_gastronok, uniq_sonja
Lair:4:   layout_cave_pods
Lair:5:   gammafunk_lair_ancient_temple, layout_regular_city,
          minmay_slime_entry_jelly_boxes, lemuel_fruit_tree,
          serial_bayou_shore_b
Swamp:1:  layout_basic_swamp, hangedman_swamp_pad, swamp_pool_1_2
Spider:1: layout_spider_delve
Orc:1:    layout_caves, uniq_fannar
Orc:2:    st_orc_open, layout_caves, uniq_rupert

Skill      XL: |  1  2  3  4  5  6  7  8  9 10 11 12 13 14 15 |
---------------+----------------------------------------------+-----
Fire Magic     | 3 |  3.0
Spellcasting   | 2 3 4 |  4.0
Maces & Flails | 4 5 7 8 11 13 14 15 18 21 | 21.8
Armour         | 7 11 | 11.0
Fighting       | 5 10 14 15 | 15.0
Air Magic      | 3 7 |  7.0

Action                     |  1- 3 |  4- 6 |  7- 9 | 10-12 | 13-15 | 16-18 || total
---------------------------+-------+-------+-------+-------+-------+-------++-------
  Melee: Mace              |    55 |    64 |    12 |       |       |       ||   131
         Headbutt          |     7 |     5 |    36 |   105 |   246 |    26 ||   425
         Punch             |     1 |     1 |     1 |       |       |       ||     3
         Flail             |       |       |    69 |       |       |       ||    69
         Quarterstaff      |       |       |   166 |   223 |       |       ||   389
         Giant club        |       |       |       |   356 |  1117 |       ||  1473
         Giant spiked club |       |       |       |       |   201 |   119 ||   320
   Cast: Scorch            |    25 |    48 |   139 |    18 |     7 |       ||   237
         Swiftness         |       |       |       |       |     4 |       ||     4
         Airstrike         |       |       |       |       |     5 |     5 ||    10
 Invoke: Fiery Armour      |       |       |     1 |     2 |     1 |     3 ||     7
  Evoke: Wand              |       |       |       |     3 |       |       ||     3
    Use: Scroll            |     5 |       |     2 |    10 |    16 |       ||    33
         Potion            |       |     1 |       |     6 |     2 |       ||     9
   Stab: Petrifying        |       |       |       |     1 |       |       ||     1
         Petrified         |       |       |       |     1 |       |       ||     1
         Paralysed         |       |       |       |     3 |       |       ||     3
 Armour: Robe              |    52 |    75 |   223 |       |       |       ||   350
         Ice dragon scales |       |       |     2 |   136 |   903 |   226 ||  1267
         Swamp dragon scal |       |       |       |   499 |   309 |       ||   808
  Dodge: Dodged            |    31 |    48 |   120 |   557 |   708 |    59 ||  1523

Table legend: (Time is in decaauts)
 A = Elapsed time spent in this place.
 B = Non-inter-level travel time spent in this place.
 C = Inter-level travel time spent in this place.
 D = Time resting spent in this place.
 E = Time spent auto-exploring this place.
 F = Levels seen in this place.
 G = Mean time per level.
                   A        B        C        D        E       F      G
               +--------+--------+--------+--------+--------+-----+--------+
         Total |  25935 |  24554 |   1381 |   4599 |  14156 |  28 |  926.2 |
       Dungeon |  14945 |  14113 |    832 |   2096 |   9040 |  15 |  996.3 |
        Temple |      1 |      1 |      0 |      0 |      0 |   1 |    1.0 |
          Lair |   6877 |   6454 |    423 |   1262 |   3333 |   5 | 1375.4 |
         Swamp |      8 |      8 |      0 |      0 |      0 |   1 |    8.0 |
   Spider Nest |      5 |      5 |      0 |      0 |      0 |   1 |    5.0 |
  Orcish Mines |   2308 |   2185 |    123 |    891 |    750 |   2 | 1154.0 |
         Sewer |   1322 |   1322 |      0 |    213 |    934 |   1 | 1322.0 |
       Ossuary |    263 |    263 |      0 |    137 |     12 |   1 |  263.0 |
        Bailey |    203 |    203 |      0 |      0 |     87 |   1 |  203.0 |
               +--------+--------+--------+--------+--------+-----+--------+

Top non-repeatable levels by time:
  Lair:4: 2180 daAuts
   Orc:1: 1539 daAuts
   Sewer: 1322 daAuts
     D:1: 1322 daAuts
  Lair:5: 1311 daAuts
  Lair:2: 1241 daAuts
     D:4: 1203 daAuts
     D:8: 1192 daAuts
  Lair:3: 1184 daAuts
    D:15: 1177 daAuts
     D:6: 1124 daAuts
     D:2: 1072 daAuts
     D:3: 1030 daAuts
    D:14: 996 daAuts
    D:12: 970 daAuts
